 Dungeon Crawl Stone Soup version 0.21.1-1-g345015fe64 (webtiles) character file.

221 Ikesh the Skirmisher (level 6, 0/50 HPs)
             Began as a Formicid Abyssal Knight on Mar 4, 2018.
             Was a Believer of Lugonu.
             Slain by an ogre
             ... wielding a +0 giant club
              (20 damage)
             ... on level 4 of the Dungeon.
             The game lasted 00:14:20 (2474 turns).

Ikesh the Skirmisher (Formicid Abyssal Knight)      Turns: 2474, Time: 00:14:21

Health: 0/50       AC:  5    Str: 14    XL:     6   Next: 19%
Magic:  7/7        EV: 11    Int: 11    God:    Lugonu [**....]
Gold:   97         SH:  0    Dex: 12    Spells: 5/5 levels left

rFire    . . .     SeeInvis +   a - +2 falchion
rCold    . . .     Gourm    .   (no shield)
rNeg     . . .     Faith    .   b - +0 leather armour
rPois    +         Spirit   .   (helmet unavailable)
rElec    .         Reflect  .   k - +1 cloak
rCorr    .         Harm     .   (no gloves)
MR       .....                  (no boots)
Stlth    +.........             (no amulet)
HPRegen  0.16/turn              n - -3 ring of strength (curse)
MPRegen  0.10/turn              h - ring of poison resistance

@: no status effects
A: permanent stasis, dig shafts and tunnels, four strong arms, antennae 3
a: Dig, Shaft Self, Depart the Abyss, Bend Space, Renounce Religion


You were on level 4 of the Dungeon.
You worshipped Lugonu.
Lugonu was pleased with you.
You were not hungry.

You visited 1 branch of the dungeon, and saw 4 of its levels.
You visited the Abyss 1 time.

You collected 97 gold pieces.

Inventory:

Hand Weapons
 a - a +2 falchion (weapon)
Armour
 b - a +0 leather armour (worn)
 k - a +1 cloak (worn)
Jewellery
 d - a +3 ring of dexterity {unknown}
 h - a ring of poison resistance (right hand)
 n - a cursed -3 ring of strength (left hand)
Scrolls
 e - 2 scrolls of identify
Potions
 f - a potion of resistance {unknown}
 g - 2 potions of flight {unknown}
 i - a potion of heal wounds
 l - a potion of magic
 m - 2 potions of curing {unknown}
 o - a potion of ambrosia {unknown}
 q - a potion of mutation {unknown}
Comestibles
 c - 3 rations


   Skills:
 + Level 4.9 Fighting
 + Level 4.1 Long Blades
 + Level 3.1 Armour
 + Level 1.4 Dodging
 + Level 2.4 Invocations


You had 5 spell levels left.
You didn't know any spells.

Dungeon Overview and Level Annotations

Branches:
Dungeon (4/15)             Temple (0/1) D:4

Altars:
Ashenzari
Zin

Shops:
D:2 *

Annotations:
D:3 TheWayOfAllFlesh's ghost, amateur TrMo


Innate Abilities, Weirdness & Mutations

You cannot be hasted, slowed, berserked, paralysed or teleported.
You can dig through walls and to a lower floor.
Your four strong arms can wield two-handed weapons with a shield.
You have a pair of large antennae on your head. (SInv)


Message History

You see here a hunting sling.
There is a staircase to the Ecumenical Temple here.
Found a stone staircase leading down.
You sense a monster nearby.
An ogre comes into view. It is wielding a giant club.
You slash the ogre!
The ogre is moderately wounded.
The ogre hits you with a giant club.
You slash the ogre!
The ogre is severely wounded.
The ogre hits you with a giant club!
You hit the ogre.
The ogre is severely wounded.
You hit the ogre.
The ogre is almost dead.
The ogre hits you with a giant club!
You barely miss the ogre.
The ogre is almost dead.
The ogre hits you with a giant club!!
You die...

####### #.....#
#.....# #.....#
#.....## #......#
###......###########
...............O@.>#
.###.#############.#
#. #.# #. #.# #. ##
#.# #. ..# #.# ..
#####.# #.# .#
...#.# #.# { ##
#.#.####.##


You could see an ogre.

Vanquished Creatures
  A hungry ghost (D:4)
  2 adders
  A worm (D:2)
  3 leopard geckos
  5 orcs (D:3)
  A ball python (D:1)
  2 giant cockroaches (D:2)
  7 goblins
  6 hobgoblins
  6 jackals (D:3)
  3 quokkas
  8 bats
  4 frilled lizards
  4 kobolds
  4 rats
57 creatures vanquished.

Vanquished Creatures (others)
  14 toadstools (D:1)
14 creatures vanquished.

Grand Total: 71 creatures vanquished

Notes
Turn   | Place    | Note
-------+----------+-------------------------------------------
     0 | Abyss:1  | Ikesh the Formicid Abyssal Knight began the quest for the Orb.
     0 | Abyss:1  | Reached XP level 1. HP: 18/18 MP: 2/2
    70 | D:1      | Escaped the Abyss
   477 | D:1      | Reached XP level 2. HP: 24/25 MP: 3/3
  1108 | D:2      | Reached XP level 3. HP: 24/30 MP: 4/4
  1267 | D:2      | Found Zin's Purification Station.
  1269 | D:2      | Found a glowing silver altar of Zin.
  1483 | D:2      | Reached ** piety under Lugonu
  1661 | D:3      | Reached XP level 4. HP: 38/38 MP: 5/5
  1971 | D:3      | Reached skill level 1 in Dodging
  2142 | D:3      | Found a shattered altar of Ashenzari.
  2225 | D:3      | Noticed TheWayOfAllFlesh's ghost (amateur TrMo)
  2239 | D:4      | Noticed a hungry ghost
  2269 | D:4      | Killed a hungry ghost
  2269 | D:4      | Reached XP level 5. HP: 23/43 MP: 6/6
  2269 | D:4      | Reached XP level 6. HP: 27/50 MP: 7/7
  2420 | D:4      | Found a staircase to the Ecumenical Temple.
  2458 | D:4      | Noticed an ogre
  2474 | D:4      | Slain by an ogre

Skill      XL: |  1  2  3  4 |
---------------+-------------+-----
Fighting       | 4 |  4.9
Dodging        | 1 |  1.4
Long Blades    | 4 |  4.1
Armour         | 3 |  3.1
Invocations    | |  2.4

Action                   |  1- 3 |  4- 6 || total
-------------------------+-------+-------++-------
Melee: Falchion          |    76 |    85 ||   161
Invok: Bend Space        |       |     1 ||     1
 Abil: Dig               |     3 |     3 ||     6
  Use: Scroll            |     6 |     2 ||     8
       Potion            |     4 |       ||     4
  Eat: Chunk             |     3 |     4 ||     7
       Ration            |       |     2 ||     2
Armor: Leather armour    |    25 |    25 ||    50
Dodge: Dodged            |    32 |    48 ||    80
       Rpst.: Falchion   |    11 |    15 ||    26
